 Dungeon Crawl Stone Soup version 0.16.1-12-gf5c4a84 (webtiles) character file.

280 RepoMan the Grasshopper (level 6, -3/48 HPs)
             Began as a Ghoul Warper on Apr 9, 2015.
             Was a Follower of Ru.
             Slain by a mummy (9 damage)
             ... in an ossuary.
             The game lasted 00:46:30 (4210 turns).

RepoMan the Grasshopper (Ghoul Warper)              Turns: 4210, Time: 00:46:31

Health: -3/48      AC:  4    Str: 15    XL:     6   Next: 27%
Magic:  2/10       EV: 11    Int:  9    God:    Ru [*.....]
Gold:   115        SH:  0    Dex:  9    Spells: 4 memorised, 2 levels left

rFire  . . .     SeeInvis .     a - +0 falchion
rCold  + . .     Clarity  .     b - +0 leather armour
rNeg   + + +     SustAb   .     (no shield)
rPois  ∞         Gourm    .     (no helmet)
rElec  .         Spirit   .     (no cloak)
rCorr  .         Warding  .     (no gloves)
rMut   .         Stasis   .     t - +0 pair of boots (curse)
MR     .....                    l - amulet of regeneration
Stlth  +.........               (no ring)
                                p - ring of wizardry (curse)

@: very slightly contaminated, rotting, not resistant to hostile enchantments,
very unstealthy
A: rotting body, claws 1, carnivore 3, cold resistance 1, negative energy
resistance 3, poison resistance, slow healing 1, torment resistance,
unbreathing, magic vulnerability 1
a: Renounce Religion


You were in an ossuary.
You worshipped Ru.
Ru was aware of your devotion.
You were not hungry.

You visited 1 branch of the dungeon, and saw 5 of its levels.
You also visited: Ossuary.

You collected 115 gold pieces.

Inventory:

Hand weapons
 a - a +0 falchion (weapon)
 g - a +0 spear
 n - a +0 blowgun
Missiles
 m - 15 bolts of flame
 o - 8 poisoned needles
Armour
 b - a +0 leather armour (worn)
 t - a cursed +0 pair of boots (worn)
Jewellery
 i - an uncursed amulet of warding {unknown}
 l - an amulet of regeneration (around neck)
 p - a cursed ring of wizardry (left claw)
Scrolls
 e - 2 scrolls of identify
 f - a scroll of remove curse {unknown}
 h - a scroll of recharging
 u - a scroll of amnesia
Potions
 d - a potion of heal wounds
 j - a potion of haste {unknown}
 q - a potion of curing {unknown}
 s - a potion of ambrosia {unknown}
Books
 c - a book of Spatial Translocations

   Spells                             Type                      Level
   a - Apportation                    Translocation                1
   b - Blink                          Translocation                2
   c - Shroud of Golubria             Charms/Translocation         2
   d - Portal Projectile              Translocation                3
   e - Teleport Other                 Translocation                3
   f - Passage of Golubria            Translocation                4
Comestibles
 v - a meat ration
 w - a royal jelly


   Skills:
 - Level 2.1 Fighting
 + Level 3.7 Long Blades
 - Level 0.8 Throwing
 - Level 0.8 Armour
 - Level 1.7 Dodging
 * Level 0.5 Stealth
 + Level 2.7 Spellcasting
 + Level 4.5 Translocations


You had 2 spell levels left.
You knew the following spells:

 Your Spells              Type           Power        Failure   Level  Hunger
a - Apportation           Tloc           #.........   3%          1    ##.....
b - Blink                 Tloc           N/A          4%          2    ###....
c - Shroud of Golubria    Chrm/Tloc      #.........   12%         2    ###....
d - Teleport Other        Tloc           #.......     9%          3    ####...


Dungeon Overview and Level Annotations

Branches:
Dungeon (5/15)
 Temple: D:4-7

Altars:
Cheibriados
Nemelex Xobeh
Ru
Sif Muna
Vehumet
Zin

Annotations:
D:3 Sigmund
D:4 jazmu's ghost, average OpFE


Innate Abilities, Weirdness & Mutations

Your body is rotting away.
You thrive on raw meat.
You have sharp fingernails.
You are carnivorous and can eat meat at any time.
Your flesh is cold resistant.
You are immune to negative energy.
Your system is resistant to poisons.
You heal slowly when monsters are visible.
You are immune to unholy pain and torment.
You can survive without breathing.
You are slightly vulnerable to magic.


Message History

Waves of light ripple over your body.
You barely miss the mummy.
The mummy is severely damaged.
The mummy barely misses you.
Casting: Shroud of Golubria
Confirm with . or Enter, or press ? or * to list all spells.
Space distorts slightly along a thin shroud covering your body.
The mummy hits you!
Your shroud falls apart!
You hit the mummy but do no damage.
The mummy is severely damaged.
Casting: Shroud of Golubria
Confirm with . or Enter, or press ? or * to list all spells.
Space distorts slightly along a thin shroud covering your body.
The mummy hits you!!
* * * LOW HITPOINT WARNING * * *
Your shroud falls apart!
There is a gate leading back out of this place here.
The mummy hits you!
You die...

#....#
#....#
#....#
#....#
#....#
#....#
#..Z.#
#.M..#
#.∩@.#
######


You could see a mummy and an orc zombie.

Vanquished Creatures
  A big kobold (D:3)
  A hound (D:4)
  An orc priest (D:5)
  2 mummies (Ossuary)
  5 adders
  2 worms (D:2)
  A giant gecko (D:3)
  6 orcs
  A ball python (D:2)
  8 bats
  4 giant cockroaches
  5 goblins
  10 hobgoblins
  9 jackals
  2 quokkas (D:3)
  7 giant newts
  2 hobgoblin zombies (Ossuary)
  6 kobolds
  A kobold zombie (Ossuary)
  2 orc zombies (Ossuary)
  5 rats
81 creatures vanquished.

Vanquished Creatures (others)
  A centaur zombie (D:5)
  A rat (D:5)
2 creatures vanquished.

Grand Total: 83 creatures vanquished

Notes
Turn   | Place    | Note
--------------------------------------------------------------
     0 | D:1      | RepoMan, the Ghoul Warper, began the quest for the Orb.
     0 | D:1      | Reached XP level 1. HP: 17/17 MP: 2/2
   229 | D:1      | Reached skill level 3 in Translocations
   278 | D:1      | Reached XP level 2. HP: 21/24 MP: 3/3
   306 | D:1      | Learned a level 2 spell: Blink
  1084 | D:1      | Reached XP level 3. HP: 28/28 MP: 5/5
  1088 | D:1      | Learned a level 2 spell: Shroud of Golubria
  1524 | D:2      | Found a glowing silver altar of Zin.
  2043 | D:2      | Found a sacrificial altar of Ru.
  2054 | D:2      | Became a worshipper of Ru the Awakened
  2118 | D:2      | Reached XP level 4. HP: 36/36 MP: 6/6
  2538 | D:3      | Noticed a big kobold
  2557 | D:3      | Killed a big kobold
  2557 | D:3      | Reached XP level 5. HP: 30/41 MP: 8/8
  2718 | D:3      | Found a sparkling altar of Nemelex Xobeh.
  2846 | D:3      | Found a radiant altar of Vehumet.
  2846 | D:3      | Found a deep blue altar of Sif Muna.
  2866 | D:3      | Noticed Sigmund
  2991 | D:3      | Reached skill level 4 in Translocations
  3172 | D:3      | Found a snail-covered altar of Cheibriados.
  3448 | D:4      | Noticed jazmu's ghost (average OpFE)
  3497 | D:5      | Entered Level 5 of the Dungeon
  3503 | D:5      | Gained mutation: You are slightly vulnerable to magic. [Ru sacrifice]
  3503 | D:5      | Acquired Ru's first power
  3920 | D:4      | Reached XP level 6. HP: 30/46 MP: 10/10
  4029 | D:5      | Found a sand-covered staircase.
  4059 | D:5      | Learned a level 3 spell: Teleport Other
  4060 | Ossuary  | Entered an ossuary
  4210 | Ossuary  | Slain by a mummy

Action                   |  1- 3 |  4- 6 || total
-------------------------+-------+-------++-------
Melee: Falchion          |   125 |   250 ||   375
       Spear             |    19 |       ||    19
 Fire: Blowgun           |       |    26 ||    26
Throw: Tomahawk          |     5 |       ||     5
 Cast: Shroud of Golubri |       |     7 ||     7
       Blink             |       |     2 ||     2
       Apportation       |       |     3 ||     3
       Teleport Other    |       |     3 ||     3
Invok: Sacrifice Essence |       |     1 ||     1
  Use: Scroll            |       |     6 ||     6
  Eat: Chunk             |    17 |    23 ||    40
       Beef jerky        |       |     1 ||     1
